 Dungeon Crawl Stone Soup version 0.26-a0-651-gb41185065b (webtiles) character file.

Game seed: 8371921018996347193

603166 bomj the Slayer (level 26, -5/390 HPs)
             Began as a Minotaur Berserker on Oct 29, 2020.
             Was an Elder of Trog.
             Slain by a death scarab (13 damage)
             ... on level 3 of the Tomb of the Ancients on Oct 30, 2020.
             The game lasted 09:34:47 (65205 turns).

bomj the Slayer (Minotaur Berserker)               Turns: 65205, Time: 09:34:48

Health: -5/390     AC: 33    Str: 34      XL:     26   Next: 54%
Magic:  6/6        EV:  2    Int:  3 (4)  God:    Trog [****..]
Gold:   4923       SH: 32    Dex: 12      Spells: 25/25 levels left

rFire    + + +     SeeInvis .   s - +9 war axe of Weklyc {antimagic, Str+2}
rCold    + + +     Faith    .   F - +0 tower shield
rNeg     + + +     Spirit   .   (armour currently unavailable)
rPois    +         Reflect  +   (helmet currently unavailable)
rElec    +         Harm     .   (cloak currently unavailable)
rCorr    +         Rampage  .   (gloves currently unavailable)
MR       ++...     NoTele   +   (boots currently unavailable)
Stlth    +.........             b - amulet of Qeodim {Reflect rElec SH+5}
HPRegen  0.75/turn              M - ring "Pupnixad" {*Contam rF+ rC++ rN++}
MPRegen  0.10/turn              j - ring of Honesty {rF+ rC+ rN+ MR+}

@: tree-form, resistant, berserk cooldown, contaminated, hasted and slowed,
glowing
A: (retaliatory headbutt), low mp 1
}: 3/15 runes: decaying, serpentine, silver
a: Berserk, Trog's Hand, Brothers in Arms, Renounce Religion


You were on level 3 of the Tomb of the Ancients.
You worshipped Trog.
Trog was greatly pleased with you.
You were a tree.
You visited 10 branches of the dungeon, and saw 50 of its levels.
You visited 2 bazaars.
You also visited: Sewer and Gauntlet.

You collected 9959 gold pieces.
You spent 5036 gold pieces at shops.

Inventory:

Hand Weapons
 s - the +9 war axe of Weklyc (weapon) {antimagic, Str+2}
   (Trog gifted it to you on level 5 of the Depths)

   It reduces the magical energy of the wielder, and disrupts the spells and
   magical abilities of those hit.
   Natural abilities and divine invocations are not affected.
   It affects your strength (+2).
 x - a +3 broad axe
 G - a +9 antimagic broad axe
Armour
 e - the +14 plate armour of Amelioration (melded) {rF- Dex+8}
   (You bought it in a shop on level 2 of the Orcish Mines)

   It affects your dexterity (+8).
   It makes you vulnerable to fire.
 k - a +1 hat (melded)
 F - a +0 tower shield (worn)
 L - a +2 pair of boots (melded)
 P - a +2 cloak of magic resistance (melded)
 Z - the +3 pair of gloves of the Serpent (melded) {rN+}
   (You found it on level 3 of the Elven Halls)

   It protects you from negative energy.
Jewellery
 a - the ring "Xuskorph" {rF+ rCorr Int+2 Dex+3 SInv}
   (You took it off a deep elf high priest on level 3 of the Elven Halls)

   [ring of resist corrosion]

   It affects your intelligence (+2).
   It affects your dexterity (+3).
   It protects you from fire.
   It lets you see invisible.
   It provides partial protection from all sources of acid and corrosion.
 b - the amulet of Qeodim (around neck) {Reflect rElec SH+5}
   (You found it on level 6 of the Lair of Beasts)

   [amulet of reflection]

   It shields you and reflects attacks.
   It insulates you from electricity.
   It affects your SH (+5).
 i - the ring "Zewnueki" {rPois rF+++ rC- Int+2 Dex+3}
   (You found it on level 3 of the Elven Halls)

   [ring of poison resistance]

   It affects your intelligence (+2).
   It affects your dexterity (+3).
   It renders you almost immune to fire.
   It makes you vulnerable to cold.
   It protects you from poison.
 j - the ring of Honesty (right branch) {rF+ rC+ rN+ MR+}
   (You found it in a Gauntlet)

   [ring of protection from fire]

   It protects you from fire.
   It protects you from cold.
   It protects you from negative energy.
   It affects your resistance to hostile enchantments.
 K - the ring "Akixewy" {rElec SInv}
   (You found it on level 2 of the Depths)

   [ring of see invisible]

   It insulates you from electricity.
   It lets you see invisible.
 M - the ring "Pupnixad" (left branch) {*Contam rF+ rC++ rN++}
   (You bought it in a shop on level 1 of the Snake Pit)

   [ring of protection from fire]

   It protects you from fire.
   It greatly protects you from cold.
   It greatly protects you from negative energy.
   It causes magical contamination when unequipped.
 T - the amulet of Paib {Reflect rF+ Str+4 Dex+3 SH+5}
   (You found it on level 4 of the Lair of Beasts)

   [amulet of reflection]

   It shields you and reflects attacks.
   It affects your strength (+4).
   It affects your dexterity (+3).
   It protects you from fire.
   It affects your SH (+5).
Wands
 v - a wand of iceblast (42)
 O - a wand of digging (18)
 Q - a wand of acid (31)
 R - a wand of enslavement (5)
 X - a wand of flame (87)
 Y - a wand of disintegration (15)
Scrolls
 c - 21 scrolls of remove curse
 f - 31 scrolls of identify
 g - 4 scrolls of blinking
 h - 3 scrolls of enchant weapon
 l - 2 scrolls of vulnerability
 n - 2 scrolls of magic mapping
 o - 2 scrolls of torment
 q - 15 scrolls of teleportation
 B - 5 scrolls of fear
 C - a scroll of brand weapon
 D - 4 scrolls of immolation
 E - 3 scrolls of fog
 J - 7 scrolls of enchant armour
 V - 2 scrolls of silence
Potions
 m - 8 potions of curing
 p - 3 potions of cancellation
 r - 5 potions of might
 t - 16 potions of brilliance
 u - 10 potions of stabbing
 z - 3 potions of berserk rage
 A - 6 potions of haste
 H - 2 potions of ambrosia
 I - 4 potions of lignification
 S - 2 potions of resistance
Miscellaneous
 y - a tin of tremorstones (3/3)
 N - a box of beasts (1/3)
 W - a phial of floods


   Skills:
 * Level 25.8 Fighting
 - Level 18.0 Axes
 - Level 18.3 Armour
 * Level 25.2 Dodging
 - Level 25.0 Shields
 + Level 14.0 Evocations


You had 25 spell levels left.
You didn't know any spells.
Your spell library was empty.

Dungeon Overview and Level Annotations

Branches:
Dungeon (15/15)            Temple (0/1) D:4            Lair (6/6) D:10
  Swamp (4/4) Lair:2        Snake (4/4) Lair:2        Slime (0/5) Lair:6
    Orc (2/2) D:12            Elf (3/3) Orc:2        Vaults (5/5) D:14
  Crypt (3/3) Vaults:2       Tomb (3/3) Crypt:3      Depths (5/5) D:15
    Zot (0/5) Depths:5      Sewer (visited)         Gauntlet (visited)

Altars:
Ashenzari
Cheibriados
Dithmenos
Gozag
Kikubaaqudgha
Makhleb
Nemelex Xobeh
Okawaru
Sif Muna
Trog
Uskayaw
Wu Jian
Xom
Yredelemnul
Jiyva

Shops:
D:6 =   D:9 (   D:12 (??   Orc:2 *=:[!   Snake:1 =}}   Snake:2 !!   Snake:3 [
Vaults:2 !:(   Depths:1 *(*([   Depths:2 [   Depths:3 [

Portals:
Hell: Depths:1 Depths:2 Depths:3 Depths:4 Depths:5
Abyss: Depths:4
Pandemonium: Depths:4
Ziggurat: Depths:4
Trove: Depths:5 (show slimy rune of Zot)

Annotations:
Lair:4 exclusion: 3 oklob plants
Lair:6 exclusion: oklob plant
Vaults:2 2 runed translucent doors
Tomb:3 Mennas


Innate Abilities, Weirdness & Mutations

((You reflexively headbutt those who attack you in melee.))
((You have a pair of horns on your head.))
Your magical capacity is low. (-10% MP)


Message History

Your body is wracked with pain!
* * * LOW HITPOINT WARNING * * *
Mennas convulses!
The death scarab completely misses you. You block the rust devil's attack.
Mennas misses you. Mennas hits you but does no damage.
The guardian mummy hits you!
* * * LOW HITPOINT WARNING * * *
Really quaff the potion of lignification?
You turn into a tree.
Your +2 cloak of magic resistance melds into your body.
Your +1 hat melds into your body.
The +3 pair of gloves of the Serpent {rN+} melds into your body.
Your +2 pair of boots melds into your body.
The +14 plate armour of Amelioration {rF- Dex+8} melds into your body.
You feel less resistant to hostile enchantments.
Your roots penetrate the ground.
You feel strangely stable.
A death scarab comes into view.
The death scarab bites you.
* * * LOW HITPOINT WARNING * * *
You block the death scarab's attack. The death scarab bites you!
You die...

.^....# ##M#####
.s......##......##
.s......###......##
..s.s...#######(..#
.........# ##ZM#
..sM^....## #..#
......sMM.# #..#
.....ss4A.## #.§#
#....s4♣ss.## #M.#
##....MsMs..####..#
##...Vss.....##..#
##......MM......#
###..##Z...M...#
####...w^^...#
M.§........##
^...M.......(#
............##


You could see 2 greater mummies, Mennas, an eldritch tentacle, an emperor
scorpion (summoned), 4 mummy priests, a jiangshi (summoned), 2 guardian mummies,
an ice devil (summoned), a rust devil (summoned), 14 death scarabs and a titan
skeleton (summoned).

Vanquished Creatures
  5 greater mummies
  2 ancient liches
  Sojobo (Crypt:3)
  Boris (Crypt:3)
  the Lernaean hydra (Swamp:4)
  Bai Suzhen (Vaults:4)
  Frederick (Crypt:3)
  Xtahua (Vaults:5)
  5 caustic shrikes
  Nikola (Snake:4)
  3 golden dragons
  A bone dragon (Crypt:3)
  A Brimstone Fiend (Depths:2)
  The ghost of Norharag the Warrior, an adept HuBe of Trog (Vaults:2)
  Jorgrun (Snake:1)
  A tentacled monstrosity (Depths:4)
  A Hell Sentinel (Depths:2)
  7 liches
  3 quicksilver dragons (Vaults:5)
  10 titans
  2 deep elf master archers (Elf:3)
  4 ancient champions
  2 deep elf blademasters (Elf:3)
  An eldritch tentacle (Vaults:1)
  Kirke (Snake:4)
  3 shadow dragons (Vaults:5)
  A thorn hunter (Swamp:3)
  2 storm dragons
  13 sphinxes
  3 tengu reavers
  Donald (Snake:1)
  Roxanne (Snake:1)
  8 fire giants
  A revenant (Crypt:3)
  2 azure jellies (Vaults:1)
  6 deep elf sorcerers
  3 draconian monks (Depths:5)
  16 vault wardens
  7 nagarajas (Snake:4)
  9 frost giants
  An iron dragon (Depths:3)
  An emperor scorpion (D:15)
  6 ghouls
  A draconian shifter (Depths:5)
  17 very ugly things
  A reaper (Crypt:2)
  6 deep elf elementalists
  A spriggan defender (Depths:5)
  2 draconian annihilators (Depths:5)
  6 war gargoyles
  4 entropy weavers
  An entropy weaver (shapeshifter) (Depths:2)
  13 ironheart preservers
  12 stone giants
  2 bennus (Tomb:2)
  8 vampire knights
  A lorocyproca (Depths:4)
  A black draconian (Depths:5)
  5 green draconians (Depths:5)
  Nessos (D:14)
  A minotaur (Gauntlet)
  A deep elf demonologist (Elf:3)
  2 purple draconians (Depths:5)
  A dire elephant (D:15)
  3 spark wasps
  7 deep elf annihilators
  5 white draconians (Depths:5)
  2 red draconians (Depths:5)
  8 ettins
  10 deep elf death magi
  6 eidola
  2 merfolk javelineers
  10 yaktaur captains
  2 merfolk impalers
  2 jiangshi (Crypt:3)
  11 fire dragons
  2 quicksilver dragon zombies (Crypt:3)
  7 mummy priests
  9 deep elf high priests
  34 vault guards
  12 ice dragons
  17 naga warriors
  9 great orbs of eyes
  22 hydras
  7 rakshasas
  A hell beast (Depths:3)
  11 centaur warriors
  3 ghost crabs (Vaults:1)
  6 anacondas
  A spriggan air mage (Depths:3)
  A juggernaut simulacrum (Vaults:1)
  9 alligators
  60 two-headed ogres
  3 death knights
  2 shambling mangroves (Swamp:3)
  A large abomination (Elf:3)
  9 death yaks
  19 ogre magi
  Erica (D:11)
  7 orc high priests
  11 vampire magi
  27 death scarabs
  8 deep troll shamans
  10 deep troll earth magi
  2 tengu warriors
  9 shock serpents
  3 titan zombies
  27 dancing weapons
  3 spriggan berserkers
  3 small abominations
  11 naga sharpshooters
  20 deep elf knights
  A sun demon (Depths:4)
  2 storm dragon zombies (Crypt:2)
  3 salamander mystics
  Sonja (Lair:5)
  2 shadow wraiths
  3 iron trolls (Depths:3)
  A spark wasp zombie (Crypt:1)
  5 unseen horrors
  A deep troll (shapeshifter) (Elf:3)
  3 flayed ghosts
  26 skeletal warriors
  2 storm dragon skeletons (Crypt:3)
  A death drake (Depths:5)
  A golden dragon zombie (Crypt:2)
  14 hell knights
  2 glowing orange brains
  An anaconda zombie (Crypt:1)
  A spriggan druid (Swamp:4)
  9 swamp dragons
  6 wizards
  20 deep trolls
  12 deep elf archers
  6 naga ritualists
  An obsidian statue (Depths:1)
  2 orange crystal statues
  A sphinx zombie (Crypt:1)
  15 ironbrand convokers
  Pikel (D:4)
  11 phantasmal warriors
  6 necromancers
  16 orc knights
  A tengu zombie (Depths:1)
  61 deep elf magi
  2 wolf spiders
  A harpy (shapeshifter) (Depths:4)
  50 ugly things
  5 wolf spider zombies
  9 salamanders
  7 mana vipers
  An orb spider (shapeshifter) (Vaults:4)
  2 fire giant zombies (Crypt:2)
  2 lindwurms (Depths:5)
  2 orc sorcerers (Orc:2)
  A shadow dragon skeleton (Depths:3)
  A stone giant zombie (Crypt:2)
  A sphinx skeleton (Vaults:1)
  3 manticores
  10 cyclopes
  The ghost of p0werm0de the Skirmisher, a novice GrFi of Okawaru (D:7)
  An iron dragon zombie (Crypt:2)
  A frost giant skeleton (Depths:1)
  An elephant (shapeshifter) (Depths:4)
  11 fire giant skeletons
  A dire elephant zombie (Crypt:1)
  12 elephants
  2 spriggan zombies
  A stone giant skeleton (Depths:1)
  4 guardian serpents
  A rust devil (Depths:3)
  An eye of devastation (shapeshifter) (Depths:5)
  A black mamba (shapeshifter) (Vaults:1)
  2 centaur zombies (D:15)
  28 naga magi
  35 black mambas
  15 vault sentinels
  22 cane toads
  7 gargoyles
  2 emperor scorpion zombies (Crypt:2)
  A spriggan skeleton (Vaults:1)
  52 yaktaurs
  6 rime drakes
  2 ice statues (Vaults:1)
  11 freezing wraiths
  A yaktaur (shapeshifter) (Vaults:2)
  A redback zombie (Crypt:2)
  A yaktaur skeleton (Depths:1)
  A catoblepas skeleton (Crypt:3)
  4 tengu conjurers
  An elf skeleton (Vaults:1)
  8 komodo dragons
  4 ice devils
  A jumping spider (Vaults:1)
  A red devil (Depths:3)
  32 guardian mummies
  An anaconda simulacrum (Vaults:1)
  A harpy zombie (Crypt:3)
  A polar bear (shapeshifter) (Depths:1)
  2 meliai (Lair:4)
  2 meliai (shapeshifter)
  A merfolk (D:14)
  A wind drake (shapeshifter) (Elf:1)
  9 trolls
  5 tyrant leeches
  2 hydra zombies (Crypt:3)
  7 hornets
  A wind drake (Depths:5)
  30 bog bodies
  A wolf spider simulacrum (Gauntlet)
  8 blink frogs
  An iron dragon simulacrum (Vaults:1)
  35 slime creatures
  A hydra skeleton (Crypt:3)
  Prince Ribbit (D:7)
  A dream sheep (shapeshifter) (Vaults:5)
  2 ice dragon zombies
  2 ettin zombies
  6 hippogriffs
  4 flying skulls (Crypt:1)
  A black mamba zombie (Crypt:1)
  A centaur simulacrum (Gauntlet)
  Sigmund (D:2)
  8 fire dragon skeletons (Crypt:3)
  4 air elementals
  8 redbacks
  5 spriggans
  4 vampires (Crypt:3)
  16 water elementals
  2 humans (D:14)
  A tarantella (Vaults:4)
  14 wraiths
  73 yaks
  5 shadows
  2 yaks (shapeshifter)
  2 wyverns
  2 humans (shapeshifter)
  2 basilisks
  3 hogs (Snake:4)
  2 golden eyes (Vaults:1)
  A steam dragon (Lair:4)
  4 fire elementals
  8 ushabtiu
  20 vampire mosquitoes
  2 spatial vortices (Vaults:1)
  Menkaure (D:4)
  A harpy simulacrum (Vaults:1)
  5 wargs
  13 insubstantial wisps
  62 nagas
  Duvessa (D:7)
  A soldier ant (D:13)
  17 swamp worms
  A merfolk zombie (Crypt:1)
  An acid dragon (D:14)
  A two-headed ogre zombie (Crypt:2)
  The ghost of Finra the Digger, an amateur GrEE (D:3)
  10 water moccasins
  7 porcupines
  56 orc warriors
  18 swamp drakes
  A black bear (shapeshifter) (Depths:2)
  6 black bears
  A phantom (D:14)
  An eye of draining (D:15)
  3 ice beasts
  4 sky beasts
  A fire dragon simulacrum (Vaults:1)
  2 black mamba simulacra (Vaults:1)
  46 ogres
  An ice dragon simulacrum (Gauntlet)
  7 boggarts
  5 necrophages
  8 wolves
  29 centaurs
  2 lemures (D:4)
  4 elf zombies
  A komodo dragon zombie (Crypt:2)
  20 crocodiles
  Blork the orc (D:5)
  A big kobold (Sewer)
  20 bullfrogs
  3 glowing shapeshifter simulacra
  A gnoll sergeant (D:6)
  A wyvern zombie (D:7)
  A deep troll simulacrum (Vaults:2)
  2 earth elementals
  A wyvern skeleton (D:10)
  7 scorpions
  A water moccasin skeleton (Crypt:1)
  2 hornet simulacra
  44 killer bees
  Dowan (D:7)
  A manticore simulacrum (Crypt:1)
  A yak zombie (Crypt:2)
  3 wights (D:11)
  An electric eel (Elf:3)
  6 howler monkeys
  A bullfrog zombie (D:6)
  5 jellies
  6 hounds
  36 orc priests
  3 bullfrog skeletons
  A human skeleton (Crypt:3)
  Jessica (D:3)
  Ijyb (D:3)
  Terence (D:2)
  4 iguanas
  29 orc wizards
  2 troll simulacra (Vaults:1)
  13 worker ants
  A porcupine zombie (Crypt:2)
  An ogre zombie (Crypt:3)
  A crocodile skeleton (Crypt:1)
  3 hound zombies
  An acid dragon skeleton (Crypt:2)
  2 hound skeletons
  44 mummies
  Robin (D:2)
  A howler monkey skeleton (D:4)
  10 adders
  5 gnolls (D:6)
  A river rat (D:3)
  A swamp drake skeleton (Crypt:1)
  A shadow imp (D:6)
  4 white imps (Gauntlet)
  An ufetubus (D:6)
  2 oozes
  2 adder zombies
  An adder skeleton (D:7)
  5 worms
  A dart slug (D:1)
  6 leopard geckos
  109 orcs
  10 bats
  8 giant cockroaches
  15 hobgoblins
  8 jackals
  6 quokkas
  6 ball pythons
  5 frilled lizards
  15 goblins
  20 kobolds
  A leopard gecko skeleton (D:5)
  A quokka skeleton (D:4)
  A quokka zombie (D:6)
  6 rats
  A river rat zombie (Crypt:1)
  4 briar patches (Swamp:3)
  A butterfly (D:9)
  2 crawling corpses (Elf:3)
  A macabre mass (Vaults:1)
2465 creatures vanquished.

Vanquished Creatures (collateral kills)
  A greater mummy (Tomb:1)
  Margery (Crypt:3)
  A bone dragon (Vaults:1)
  A sphinx (Vaults:1)
  A revenant (Tomb:1)
  4 draconian monks (Depths:5)
  2 deep elf sorcerers
  A curse skull (Crypt:2)
  A ghoul (Crypt:2)
  A very ugly thing (Depths:5)
  2 black draconians (Depths:5)
  A stone giant (Depths:5)
  A green draconian (Depths:5)
  A deep elf demonologist (Elf:3)
  A spark wasp (Depths:5)
  A dire elephant (Lair:6)
  2 purple draconians (Depths:5)
  A white draconian (Depths:5)
  2 eidola
  A fire dragon (Depths:5)
  4 mummy priests
  A rakshasa (Vaults:1)
  A catoblepas (Lair:6)
  A naga warrior (Snake:4)
  A spriggan air mage (Depths:5)
  An ogre mage (Vaults:1)
  4 two-headed ogres
  3 death scarabs (Tomb:1)
  A deep troll shaman (Lair:6)
  A death yak (Lair:6)
  A naga sharpshooter (Snake:4)
  An orc high priest (Orc:2)
  A deep elf knight (Vaults:2)
  2 hell knights
  5 deep trolls
  2 wizards (Vaults:1)
  A naga ritualist (Snake:4)
  A deep elf mage (Vaults:2)
  A necromancer (Depths:5)
  2 ironbrand convokers (Vaults:1)
  A manticore (Lair:4)
  An ugly thing (Depths:5)
  An iron dragon skeleton (Tomb:2)
  A black mamba (Lair:4)
  A naga mage (Snake:4)
  A vault sentinel (Vaults:1)
  4 yaktaurs
  A komodo dragon (Lair:4)
  4 guardian mummies (Tomb:2)
  A meliai (Lair:4)
  3 hornets (Depths:5)
  A queen bee (Lair:4)
  3 spriggans (Depths:5)
  A hog (Snake:4)
  3 ushabtiu (Tomb:2)
  3 nagas (Snake:1)
  A water moccasin (Lair:4)
  An orc warrior (Orc:2)
  A swamp drake (Depths:5)
  An ogre (Vaults:1)
  A necrophage (Crypt:2)
  3 wolves
  A centaur (Vaults:1)
  An elephant simulacrum (Vaults:1)
  8 killer bees
  2 wights (D:11)
  5 orc priests (Orc:2)
  4 mummies (Tomb:2)
  3 orcs (Orc:2)
124 creatures vanquished.

Vanquished Creatures (others)
  A red draconian (Depths:5)
  A hydra (D:15)
  A deep elf knight (Elf:1)
  A deep elf mage (Vaults:1)
  An ugly thing (Swamp:4)
  A hornet (Depths:5)
  A spriggan (Swamp:4)
  A water elemental (Elf:2)
  An orc warrior (Vaults:3)
  A swamp drake (Swamp:3)
  An ogre (Vaults:2)
  An orc priest (Elf:2)
  2 orcs (Elf:2)
  5 bushes
  59 fungi
  62 plants
  3 toadstools (D:7)
  12 withered plants (Crypt:3)
155 creatures vanquished.

Grand Total: 2744 creatures vanquished

Notes
Turn   | Place    | Note
-------+----------+-------------------------------------------
     0 | D:1      | bomj the Minotaur Berserker began the quest for the Orb.
     0 | D:1      | Reached XP level 1. HP: 19/19 MP: 0/0
   131 | D:1      | Reached XP level 2. HP: 27/27 MP: 1/1
   401 | D:1      | Reached ** piety under Trog
   401 | D:1      | Reached XP level 3. HP: 32/33 MP: 2/2
   824 | D:2      | Noticed Sigmund
   845 | D:2      | Killed Sigmund
   845 | D:2      | Reached skill level 5 in Fighting
   845 | D:2      | Reached skill level 5 in Axes
   845 | D:2      | Reached XP level 4. HP: 42/42 MP: 3/3
   845 | D:2      | Reached XP level 5. HP: 48/48 MP: 4/4
   962 | D:2      | Found an opulent altar of Gozag.
  1178 | D:2      | Noticed Robin
  1184 | D:2      | Killed Robin
  1509 | D:2      | Noticed Terence
  1513 | D:2      | Killed Terence
  1513 | D:2      | Reached XP level 6. HP: 57/57 MP: 5/5
  1600 | D:2      | Found a sparkling altar of Nemelex Xobeh.
  1756 | D:3      | Found a hide-covered altar of Uskayaw.
  1804 | D:3      | Noticed Jessica
  1806 | D:3      | Killed Jessica
  1806 | D:3      | Reached skill level 1 in Shields
  1891 | D:3      | Reached *** piety under Trog
  2003 | D:3      | Noticed Ijyb
  2018 | D:3      | Killed Ijyb
  2334 | D:3      | Found a glowing drain.
  2348 | Sewer    | Entered a sewer
  2556 | Sewer    | Reached **** piety under Trog
  2732 | D:3      | Found a runed translucent door.
  2732 | D:3      | Noticed Finra's ghost (amateur GrEE)
  2750 | D:3      | Killed Finra's ghost
  2750 | D:3      | Reached XP level 7. HP: 45/64 MP: 6/6
  3541 | D:4      | Noticed Menkaure
  3546 | D:4      | Killed Menkaure
  3679 | D:4      | Found a shimmering blue altar of Sif Muna.
  3681 | D:4      | Found an iron altar of Okawaru.
  3684 | D:4      | Reached skill level 5 in Armour
  3688 | D:4      | Found a burning altar of Makhleb.
  3748 | D:4      | Found a staircase to the Ecumenical Temple.
  3809 | D:4      | Noticed Pikel
  3819 | D:4      | Reached XP level 8. HP: 73/73 MP: 7/7
  3828 | D:4      | Killed Pikel
  4251 | D:5      | Entered Level 5 of the Dungeon
  4548 | D:5      | Noticed Blork the orc
  4575 | D:5      | Killed Blork the orc
  5046 | D:5      | Reached XP level 9. HP: 47/83 MP: 8/8
  5573 | D:6      | Found a snail-covered altar of Cheibriados.
  5586 | D:6      | Reached skill level 5 in Shields
  5672 | D:6      | Found an ornate altar of the Wu Jian Council.
  5834 | D:6      | Reached ***** piety under Trog
  6019 | D:6      | Found a shadowy altar of Dithmenos.
  6136 | D:6      | Found Kagymowu's Jewellery Shoppe.
  6304 | D:7      | Found a transporter.
  6426 | D:7      | Noticed p0werm0de's ghost (novice GrFi)
  6440 | D:7      | Reached skill level 10 in Fighting
  6440 | D:7      | Reached skill level 10 in Axes
  6619 | D:7      | Noticed Prince Ribbit
  6623 | D:7      | Killed Prince Ribbit
  6719 | D:7      | Noticed Dowan
  6732 | D:7      | Noticed Duvessa
  6739 | D:7      | Killed Dowan
  6752 | D:7      | Killed Duvessa
  6877 | D:7      | Found a transporter.
  7014 | D:7      | Found a basalt altar of Yredelemnul.
  7014 | D:7      | Found a bloodstained altar of Trog.
  7216 | D:6      | Bought the amulet of Wics {Faith rPois Int-3 Slay+2 Stlth+}
                  | for 617 gold pieces
  7267 | D:7      | Killed p0werm0de's ghost
  7267 | D:7      | Reached XP level 10. HP: 23/94 MP: 9/9
  8591 | D:9      | Noticed a two-headed ogre
  8618 | D:9      | Killed a two-headed ogre
  8618 | D:9      | Reached skill level 1 in Evocations
  8849 | D:9      | Found Iblausk's Weapon Boutique.
  8905 | D:9      | Found a shimmering altar of Xom.
  9291 | D:9      | Found a broken altar of Ashenzari.
  9364 | D:9      | Found an ancient bone altar of Kikubaaqudgha.
  9646 | D:10     | Entered Level 10 of the Dungeon
  9749 | D:10     | Noticed a death yak
  9750 | D:10     | Noticed a death yak
  9750 | D:10     | Noticed a death yak
  9753 | D:10     | Noticed a death yak
  9754 | D:10     | Noticed a death yak
  9764 | D:10     | Killed a death yak
  9773 | D:10     | Killed a death yak
  9778 | D:10     | Killed a death yak
  9778 | D:10     | Reached XP level 11. HP: 78/104 MP: 10/10
  9785 | D:10     | Killed a death yak
  9799 | D:10     | Killed a death yak
 10205 | D:10     | Found a staircase to the Lair.
 10432 | D:10     | Killed an unseen horror
 11539 | D:11     | Noticed a two-headed ogre
 11790 | D:11     | Killed an unseen horror
 11873 | D:11     | Killed a two-headed ogre
 12207 | D:11     | Found a sparkling altar of Nemelex Xobeh.
 12228 | D:11     | Noticed a deep elf mage
 12239 | D:11     | Killed a deep elf mage
 12529 | D:11     | Reached skill level 10 in Armour
 12656 | D:11     | Noticed Erica
 12676 | D:11     | Killed Erica
 12676 | D:11     | Reached skill level 5 in Evocations
 12676 | D:11     | Reached XP level 12. HP: 104/112 MP: 11/11
 12719 | D:11     | Found a shimmering blue altar of Sif Muna.
 12945 | Lair:1   | Entered Level 1 of the Lair of Beasts
 14168 | Lair:2   | Found a staircase to the Swamp.
 14203 | Lair:2   | Found a staircase to the Snake Pit.
 14459 | Lair:2   | Noticed a four-headed hydra
 14471 | Lair:2   | Killed a one-headed hydra
 14494 | Lair:2   | Reached skill level 10 in Shields
 15198 | Lair:2   | Reached skill level 15 in Axes
 16371 | Lair:4   | Noticed an eight-headed hydra
 16379 | Lair:4   | Killed a five-headed hydra
 16646 | Lair:4   | Reached XP level 13. HP: 84/118 MP: 12/12
 16648 | Lair:4   | Received a gift from Trog
 17190 | Lair:4   | Got a vibrating sapphire amulet
 17862 | Lair:5   | Received a gift from Trog
 18517 | Lair:5   | Noticed Sonja
 18527 | Lair:5   | Killed Sonja
 19082 | Lair:6   | Entered Level 6 of the Lair of Beasts
 19476 | Lair:6   | Reached XP level 14. HP: 121/126 MP: 13/13
 19629 | Lair:6   | Got a shimmering copper amulet
 19931 | Lair:6   | Reached ****** piety under Trog
 20009 | Lair:6   | Found a viscous altar of Jiyva.
 20009 | Lair:6   | Found a staircase to the Slime Pits.
 20020 | Lair:6   | Got a pitted buckler
 20207 | Lair:6   | Got an ichor-stained morningstar
 20227 | Lair:6   | Identified the cursed +1 morningstar of Wu Jian's Esteem
                  | {holy, rF- MR+ Dex+2} (You found it on level 6 of the Lair
                  | of Beasts)
 20238 | Lair:6   | Identified the +5 buckler of Juwigad {Str+4} (You found it
                  | on level 6 of the Lair of Beasts)
 20782 | D:12     | Received a gift from Trog
 20795 | D:12     | Found a staircase to the Orcish Mines.
 20898 | D:12     | Found Suciu's Magic Scroll Shoppe.
 20957 | D:12     | Found Hoxups's Magic Scroll Boutique.
 21021 | D:12     | Found a gate leading to a gauntlet.
 21030 | Gauntlet | Entered a Gauntlet
 21030 | Gauntlet | Found a transporter.
 21030 | Gauntlet | Found a transporter.
 21030 | Gauntlet | Found a transporter.
 21031 | Gauntlet | Found a transporter.
 21034 | Gauntlet | Found a transporter.
 21034 | Gauntlet | Found a transporter.
 21045 | Gauntlet | Found a transporter.
 21045 | Gauntlet | Found a transporter.
 21048 | Gauntlet | Found a transporter.
 21048 | Gauntlet | Found a transporter.
 21058 | Gauntlet | Found a transporter.
 21062 | Gauntlet | Found a transporter.
 21560 | Gauntlet | Got a scintillating turquoise ring
 21628 | Gauntlet | Got a flickering silver ring
 21646 | D:12     | Found Ovuaxtok's Antique Weapon Boutique.
 21832 | D:12     | Bought a scroll of blinking for 127 gold pieces
 21832 | D:12     | Bought a scroll of fear for 59 gold pieces
 21832 | D:12     | Bought a scroll of teleportation for 51 gold pieces
 21832 | D:12     | Bought a scroll of identify for 34 gold pieces
 21834 | D:12     | Lost intelligence.
 21834 | D:12     | Identified the ring of the Snail {rPois Int-5 Dex+4 SInv}
                  | (You found it in a Gauntlet)
 21840 | D:12     | Identified the ring of Honesty {rF+ rC+ rN+ MR+} (You found
                  | it in a Gauntlet)
 21863 | D:12     | Identified the amulet of Paib {Reflect rF+ Str+4 Dex+3
                  | SH+5} (You found it on level 4 of the Lair of Beasts)
 21864 | D:12     | Identified the amulet of Qeodim {Reflect rElec SH+5} (You
                  | found it on level 6 of the Lair of Beasts)
 23380 | D:14     | Reached XP level 15. HP: 114/136 MP: 14/14
 23387 | D:14     | Reached skill level 10 in Evocations
 23744 | D:14     | Noticed Nessos
 23753 | D:14     | Killed Nessos
 23901 | D:14     | Received a gift from Trog
 23902 | D:14     | Got a faintly glowing broad axe {god gift}
 23903 | D:14     | Identified the +1 broad axe of the Lesser Evil {vorpal,
                  | rPois Dex+4} (Trog gifted it to you on level 14 of the
                  | Dungeon)
 23948 | D:14     | Found a gate to the Vaults.
 24184 | Orc:1    | Entered Level 1 of the Orcish Mines
 24207 | Orc:1    | Found a bloodstained altar of Trog.
 24463 | Orc:1    | Found a flagged portal.
 25086 | D:15     | Entered Level 15 of the Dungeon
 25241 | D:15     | Found a basalt altar of Yredelemnul.
 25446 | D:15     | Received a gift from Trog
 25972 | D:15     | Found a staircase to the Depths.
 25992 | D:15     | Reached skill level 15 in Fighting
 26727 | Orc:2    | Entered Level 2 of the Orcish Mines
 26972 | Orc:2    | Paralysed by an orc sorcerer for 3 turns
 27025 | Orc:2    | Found Sevay's Distillery.
 27036 | Orc:2    | Bought a potion of curing for 42 gold pieces
 27036 | Orc:2    | Bought a potion of heal wounds for 70 gold pieces
 27036 | Orc:2    | Bought a potion of degeneration for 14 gold pieces
 27070 | Orc:2    | Received a gift from Trog
 27273 | Orc:2    | Found a staircase to the Elven Halls.
 28144 | Orc:2    | Found Penaob's General Store.
 28144 | Orc:2    | Found Nammaik's Antique Armour Shoppe.
 28145 | Orc:2    | Found Vucsefen's Book Shoppe.
 28145 | Orc:2    | Found Voneoh's Jewellery Emporium.
 28162 | Orc:2    | Bought an opal-encrusted plate armour for 756 gold pieces
 28174 | Orc:2    | Identified the +14 plate armour of Amelioration {rF- Dex+8}
                  | (You bought it in a shop on level 2 of the Orcish Mines)
 28176 | Orc:2    | Bought a runed cloak for 202 gold pieces
 28176 | Orc:2    | Bought a glowing scarf for 216 gold pieces
 28176 | Orc:2    | Bought a pair of glowing boots for 202 gold pieces
 28458 | Snake:1  | Entered Level 1 of the Snake Pit
 28752 | Snake:1  | Reached XP level 16. HP: 152/152 MP: 15/15
 28779 | Snake:1  | Noticed Jorgrun
 28794 | Snake:1  | Killed Jorgrun
 29363 | Snake:1  | Noticed Donald
 29377 | Snake:1  | Killed Donald
 29737 | Snake:1  | Noticed Roxanne
 29763 | Snake:1  | Killed Roxanne
 29884 | Snake:1  | Found Cushram's Jewellery Shop.
 29885 | Snake:1  | Found Puvvum's Gadget Emporium.
 29885 | Snake:1  | Found Qisam's Gadget Emporium.
 29897 | Snake:1  | Bought the ring "Pupnixad" {*Contam rF+ rC++ rN++} for 544
                  | gold pieces
 29974 | Snake:1  | Reached skill level 15 in Armour
 30418 | Snake:2  | Found Pacu's Distillery.
 30551 | Snake:2  | Found Lijiah's Distillery.
 31202 | Snake:3  | Received a gift from Trog
 31674 | Snake:3  | Found Lygo's Antique Armour Shoppe.
 31826 | Snake:4  | Entered Level 4 of the Snake Pit
 32053 | Snake:4  | Noticed Nikola
 32073 | Snake:4  | Killed Nikola
 32073 | Snake:4  | Reached XP level 17. HP: 136/168 MP: 16/16
 32953 | Snake:4  | Received a gift from Trog
 32967 | Snake:4  | Noticed Kirke
 32984 | Snake:4  | Reached skill level 15 in Shields
 32987 | Snake:4  | Killed Kirke
 33800 | Snake:4  | Got a serpentine rune of Zot
 34227 | Swamp:1  | Entered Level 1 of the Swamp
 34232 | Swamp:1  | Received a gift from Trog
 35893 | Swamp:3  | Reached XP level 18. HP: 180/182 MP: 17/17
 36931 | Swamp:3  | Received a gift from Trog
 36992 | Swamp:4  | Entered Level 4 of the Swamp
 37775 | Swamp:4  | Noticed the 27-headed Lernaean hydra
 37792 | Swamp:4  | Killed the 23-headed Lernaean hydra
 37848 | Swamp:4  | Got a decaying rune of Zot
 38242 | Swamp:4  | Identified a scroll of acquirement
 38283 | Swamp:4  | Acquired 665 gold pieces
 38505 | Elf:1    | Entered Level 1 of the Elven Halls
 38665 | Elf:1    | Received a gift from Trog
 38724 | Elf:1    | Got a smouldering glaive
 38738 | Elf:1    | Identified the +8 glaive of Maiclia {elec, rPois Dex+2}
                  | (You found it on level 1 of the Elven Halls)
 39289 | Elf:1    | You fall into a shaft and drop 1 floor!
 39549 | Elf:2    | Found a runed translucent gate.
 39549 | Elf:2    | Found a runed translucent gate.
 39550 | Elf:2    | Found a runed translucent gate.
 39611 | Elf:2    | Reached XP level 19. HP: 193/193 MP: 6/18
 39655 | Elf:2    | Received a gift from Trog
 40514 | Elf:3    | Entered Level 3 of the Elven Halls
 40519 | Elf:3    | Reached skill level 5 in Dodging
 40777 | Elf:3    | Received a gift from Trog
 41377 | Elf:3    | Got a flickering turquoise ring
 41381 | Elf:3    | Identified the ring "Zewnueki" {rPois rF+++ rC- Int+2
                  | Dex+3} (You found it on level 3 of the Elven Halls)
 41924 | Elf:3    | Identified the ring "Xuskorph" {rF+ rCorr Int+2 Dex+3 SInv}
 42194 | Elf:3    | Got a pair of smoking gloves
 42205 | Elf:3    | Identified the +0 pair of gloves "Kyujakla" {rElec} (You
                  | found it on level 3 of the Elven Halls)
 42222 | Elf:3    | Got a pair of blackened gloves
 42233 | Elf:3    | Identified the +3 pair of gloves of the Serpent {rN+} (You
                  | found it on level 3 of the Elven Halls)
 42249 | Elf:3    | Identified the Catalogue of Floating Transmigration
 42653 | Elf:3    | Reached skill level 10 in Dodging
 42983 | Vaults:1 | Entered Level 1 of the Vaults
 43013 | Vaults:1 | Received a gift from Trog
 43215 | Vaults:1 | Reached XP level 20. HP: 202/202 MP: 6/19
 43363 | Vaults:1 | Identified the Papyrus of the Voyage
 43464 | Vaults:1 | Identified the Reference Book on Beguiling
 43598 | Vaults:1 | Noticed a bone dragon
 43617 | Vaults:1 | Killed a bone dragon
 43648 | Vaults:1 | Received a gift from Trog
 43676 | Vaults:1 | Identified the Guide on Necromancy
 43935 | Vaults:1 | Identified the Collected Works on the Glacier
 44249 | Vaults:2 | Found Coanus's Distillery.
 44266 | Vaults:2 | Found Rapuzoak's Book Shoppe.
 44373 | Vaults:2 | Found Anogruc's Antique Weapon Boutique.
 44406 | Vaults:2 | Found a flickering gateway to a bazaar.
 44415 | Bazaar   | Entered a bazaar
 44425 | Bazaar   | Found Umel's Antique Weapon Shoppe.
 44436 | Bazaar   | Found Orchaf's Antique Weapon Emporium.
 44451 | Bazaar   | Found Woonudd's Antique Armour Shoppe.
 44462 | Bazaar   | Found Sorenajy's Antique Armour Emporium.
 44486 | Bazaar   | Bought a pair of embroidered gloves for 285 gold pieces
 44486 | Bazaar   | Bought a runed cloak for 285 gold pieces
 44572 | Vaults:2 | Received a gift from Trog
 44687 | Vaults:2 | Bought a potion of curing for 39 gold pieces
 44687 | Vaults:2 | Bought 2 potions of heal wounds for 130 gold pieces
 44687 | Vaults:2 | Bought a potion of haste for 130 gold pieces
 44687 | Vaults:2 | Bought a potion of haste for 130 gold pieces
 44687 | Vaults:2 | Bought a potion of curing for 39 gold pieces
 44995 | Vaults:2 | Found a large runed translucent door.
 44995 | Vaults:2 | Noticed Norharag's ghost (adept HuBe)
 44996 | Vaults:2 | Found a large runed translucent door.
 45034 | Vaults:2 | Killed Norharag's ghost
 45268 | Vaults:2 | You fall into a shaft and drop 1 floor!
 45421 | Vaults:3 | Reached skill level 15 in Dodging
 45785 | Vaults:3 | You fall into a shaft and drop 1 floor!
 45791 | Vaults:4 | Reached XP level 21. HP: 193/209 MP: 6/20
 46056 | Vaults:4 | Received a gift from Trog
 46489 | Vaults:4 | Noticed Bai Suzhen
 46505 | Vaults:4 | Killed Bai Suzhen
 47166 | Vaults:5 | Entered Level 5 of the Vaults
 47181 | Vaults:5 | Received a gift from Trog
 47226 | Vaults:4 | Received a gift from Trog
 47238 | Vaults:5 | Noticed Xtahua
 47456 | Vaults:5 | Killed Xtahua
 47487 | Vaults:5 | Acquired a +2 crystal plate armour
 47579 | Vaults:5 | Reached XP level 22. HP: 207/217 MP: 7/21
 47742 | Vaults:5 | Noticed an ancient lich
 47756 | Vaults:5 | Killed an ancient lich
 47978 | Vaults:5 | Received a gift from Trog
 48387 | Vaults:5 | Identified the +6 flail "Puics" {flame, rN+}
 48595 | Vaults:5 | Received a gift from Trog
 48724 | Vaults:5 | Noticed a golden dragon
 48734 | Vaults:5 | Noticed a golden dragon
 48739 | Vaults:5 | Killed a golden dragon
 48749 | Vaults:5 | Killed a golden dragon
 48760 | Vaults:5 | Identified the +8 trident "Ishypnag" {vorpal, *Rage MP+9
                  | Str+7 SInv}
 49450 | Vaults:5 | Got a silver rune of Zot
 50494 | Vaults:2 | Received a gift from Trog
 50499 | Vaults:2 | Reached XP level 23. HP: 224/224 MP: 7/22
 50586 | Vaults:2 | Found a staircase to the Crypt.
 51422 | Depths:1 | Entered Level 1 of the Depths
 51422 | Depths:1 | Found Wutien's Weapon Emporium.
 51466 | Depths:1 | Found Hirumn's Weapon Emporium.
 51472 | Depths:1 | Found Folluy's Armour Emporium.
 51487 | Depths:1 | Found Ryufal's General Store.
 51496 | Depths:1 | Bought a scroll of fear for 56 gold pieces
 51698 | Depths:1 | Found Kuosh's Changing Room.
 51745 | Depths:1 | Found a gateway to a bazaar.
 51760 | Bazaar   | Entered a bazaar
 51760 | Bazaar   | Found Qoomiody's Assorted Antiques.
 51760 | Bazaar   | Found Cesianku's Gadget Emporium.
 51762 | Bazaar   | Found Ylieb's Weapon Shoppe.
 51779 | Bazaar   | Found Ziclosio's Magic Scroll Emporium.
 51788 | Bazaar   | Bought a scroll of silence for 97 gold pieces
 51788 | Bazaar   | Bought a scroll of enchant armour for 97 gold pieces
 51788 | Bazaar   | Bought a scroll of vulnerability for 97 gold pieces
 51788 | Bazaar   | Bought a scroll of enchant armour for 97 gold pieces
 51799 | Bazaar   | Bought a scroll of teleportation for 69 gold pieces
 51799 | Bazaar   | Bought a potion of invisibility for 184 gold pieces
 52063 | Depths:1 | Found a gateway to Hell.
 52077 | Depths:1 | Received a gift from Trog
 52153 | Depths:1 | Found a shimmering altar of Xom.
 52592 | Depths:2 | Found a transporter.
 52678 | Depths:2 | Found Suyxoidd's Antique Armour Boutique.
 52693 | Depths:2 | Bought a runed cloak for 367 gold pieces
 53588 | Depths:2 | Found a transporter.
 53720 | Depths:2 | Noticed a caustic shrike
 53740 | Depths:2 | Killed a caustic shrike
 53782 | Depths:2 | Got a glittering ruby amulet
 53794 | Depths:2 | Got a flickering lapis lazuli ring
 53815 | Depths:2 | Identified the amulet of Junuf {Acrobat rC+ Int+4 Stlth-}
                  | (You found it on level 2 of the Depths)
 53827 | Depths:2 | Identified the ring "Akixewy" {rElec SInv} (You found it on
                  | level 2 of the Depths)
 54068 | Depths:3 | Found a runed translucent door.
 54100 | Depths:3 | Reached XP level 24. HP: 228/233 MP: 7/22
 54284 | Depths:3 | Received a gift from Trog
 54440 | Depths:3 | Found Pues's Antique Armour Shop.
 54789 | Depths:4 | Acquired 848 gold pieces
 55007 | Depths:4 | Found a gateway to a ziggurat.
 55158 | Depths:4 | Found a one-way gate leading to the halls of Pandemonium.
 55314 | Depths:4 | Received a gift from Trog
 55535 | Depths:4 | Found a one-way gate to the infinite horrors of the Abyss.
 56024 | Depths:5 | Entered Level 5 of the Depths
 56767 | Depths:5 | Found a gate to the Realm of Zot.
 56769 | Depths:5 | Found the +7 lajatang of Order {silver, rMut}
 57328 | Depths:5 | Received a gift from Trog
 57488 | Depths:5 | Reached XP level 25. HP: 245/245 MP: 7/22
 57865 | Depths:5 | Got an ichor-stained war axe {god gift}
 57866 | Depths:5 | Identified the +9 war axe of Weklyc {antimagic, Str+2}
                  | (Trog gifted it to you on level 5 of the Depths)
 57885 | Depths:5 | Found a portal to a secret trove of treasure.
 58279 | Crypt:1  | Entered Level 1 of the Crypt
 58620 | Crypt:1  | Received a gift from Trog
 58778 | Crypt:1  | Found the +2 cloak of the Thief {*Fog Slay-2 SInv Stlth+}
 60349 | Crypt:2  | Noticed a greater mummy
 60363 | Crypt:2  | Killed a greater mummy
 60757 | Crypt:3  | Entered Level 3 of the Crypt
 60757 | Crypt:3  | Noticed Boris
 60788 | Crypt:3  | Killed Boris
 61219 | Crypt:3  | Noticed Sojobo
 61242 | Crypt:3  | Killed Sojobo
 61357 | Crypt:3  | Noticed Margery
 61358 | Crypt:3  | Noticed Frederick
 61377 | Crypt:3  | Killed Frederick
 61384 | Crypt:3  | Killed Margery
 61560 | Crypt:3  | Found an ancient bone altar of Kikubaaqudgha.
 61589 | Crypt:3  | Received a gift from Trog
 61618 | Crypt:3  | Noticed an ancient lich
 61627 | Crypt:3  | Killed an ancient lich
 62130 | Crypt:3  | Found a staircase to the Tomb.
 62147 | Tomb:1   | Entered Level 1 of the Tomb of the Ancients
 62447 | Tomb:1   | Reached XP level 26. HP: 245/258 MP: 7/22
 62549 | Tomb:1   | Noticed a greater mummy
 62580 | Tomb:1   | Killed a greater mummy
 62583 | Tomb:1   | Noticed a greater mummy
 63280 | Tomb:1   | Received a gift from Trog
 63649 | Tomb:1   | Killed a greater mummy
 63918 | Tomb:2   | Noticed a greater mummy
 63918 | Tomb:2   | Noticed a greater mummy
 63918 | Tomb:2   | Noticed a greater mummy
 63921 | Tomb:2   | Noticed a greater mummy
 64181 | Tomb:2   | Killed a greater mummy
 64572 | Tomb:2   | Killed a greater mummy
 64722 | Tomb:2   | Killed a greater mummy
 65106 | Tomb:3   | Entered Level 3 of the Tomb of the Ancients
 65123 | Tomb:3   | Noticed a greater mummy
 65132 | Tomb:3   | Noticed a greater mummy
 65134 | Tomb:3   | Noticed Mennas
 65191 | Tomb:3   | Noticed a greater mummy
 65194 | Tomb:3   | Noticed a greater mummy
 65201 | Tomb:3   | Gained mutation: Your magical capacity is low. (-10% MP)
                  | [mutagenic glow]
 65204 | Tomb:3   | HP: 13/260 [??? (4)]
 65204 | Tomb:3   | HP: 6/260 [guardian mummy (7)]
 65205 | Tomb:3   | Slain by a death scarab

Illustrated notes

Levels and vault maps discovered:
D:1:      scummos_arrival_simple_crosswalls, layout_loops_ring, st_stairs_9
D:2:      layout_basic, nemelex_altar_shiori,
          nicolae_gozag_cash_rules_everything_around_me, minmay_misc_feat_iff,
          uniq_robin, uniq_sigmund, uniq_terence
D:3:      layout_loops_ring, nicolae_overflow_crystal_walls,
          gup_sewer_entry_bubbles, gammafunk_ghost_grave, uniq_jessica,
          uniq_ijyb
D:4:      layout_rooms, grunt_temple_overflow_open,
          minmay_temple_entry_stoned_glass, minmay_misc_feat_x, uniq_menkaure,
          uniq_pikel
D:5:      layout_loops_cross, uniq_blork_the_orc
D:6:      layout_rooms, nicolae_dithmenos_shadow_blocks, old_standard_altar,
          basic_altar, serial_shops, kennysheep_little_box
D:7:      layout_loops_ring, gammafunk_temple_overflow_wave,
          gammafunk_ghost_hive, minmay_gold_behind_fungi, uniq_prince_ribbit1,
          uniq_duvessa
D:8:      layout_loops_corners
D:9:      layout_basic, kennysheep_mini_moat, xom_butterflies,
          lemuel_coloured_pillars_altar, serial_shops, shop
D:10:     layout_basic, dpeg_lair_monsters
D:11:     layout_rooms, basic_altar, lemuel_blue_sif_altar, uniq_erica
D:12:     layout_roguey, david_orc_2, serial_shops, shop, nicolae_shop_stone,
          shop, gauntlet_entry_generic
D:13:     layout_gridville, minmay_circle_x
D:14:     layout_loops_ring, grunt_vaults_entry_fortified,
          minmay_misc_feat_rows, hangedman_fish_farm, uniq_nessos
D:15:     hangedman_depths_entry_try_elsewhere_first, layout_irregular_city,
          yredelemnul_altar_generic, minivault_1
Lair:1:   layout_gridlike
Lair:2:   layout_chaotic_city, swamp_mist, minmay_snake_entry_guardpost_medium,
          lemuel_fruit_tree
Lair:3:   layout_regular_city
Lair:4:   hangedman_what_comes_after_a, layout_loops_ring
Lair:5:   layout_hall_layers, uniq_sonja
Lair:6:   grunt_lair_end_beastmaster, layout_long_grid, slime_altar_1,
          st_stairs_7, minmay_lair_oklob_bushes, grunt_megastairs_3,
          serial_bayou_shore_a
Swamp:1:  layout_basic_swamp, nicolae_swamp_trees_clearing
Swamp:2:  layout_basic_swamp, evilmike_swamp_ruin_house_2,
          hangedman_swamp_ravenous
Swamp:3:  layout_falls_marsh, evilmike_swamp_ruin_house_6
Swamp:4:  grunt_swamp_rune_castle, layout_basic_swamp, swamp_pool1
Snake:1:  layout_layer_cave, minmay_shop_grove, uniq_jorgrun, uniq_roxanne,
          uniq_donald
Snake:2:  layout_concentric_octagons, serial_shops, shop_fountains,
          nicolae_shop_behind_doors
Snake:3:  layout_rooms, serial_shops, nicolae_shop_stone
Snake:4:  snake_pit, layout_rooms, st_stairs_4, drop_trap, uniq_kirke,
          uniq_nikola
Orc:1:    layout_caves, basic_altar, enter_bailey_3, minmay_orc_keep
Orc:2:    st_orc_pillars, layout_caves, serial_shops, nicolae_shop_crystal
Elf:1:    eino_elf_arrival_shootout, layout_geoelf_diagonals,
          minmay_elf_necromancy
Elf:2:    layout_geoelf_diagonals, nicolae_elf_big_sculpture_1, minivault_16,
          nicolae_elf_glass_and_crystal_pillar_1, lemuel_elevator
Elf:3:    minmay_elf_hall_quartered_circle, layout_geoelf_castle
Vaults:1: v_misc_5, hangedman_vaults_maws, v_misc_15, vaults_dpeg_doors,
          nicolae_vaults_sealed_display, ontoclasm_vaults_loading_screen,
          v_rooms_5, layout_vaults_maze_bifur, serial_hangedman_research,
          hangedman_research_quantum, hangedman_research_thanatology,
          hangedman_research_thermodynamics, hangedman_research_probablistics
Vaults:2: ebering_vaults_ghost_disaster_area,
          hangedman_vaults_stretched_pinwheel,
          nicolae_vaults_network_quinsquares
          [nicolae_vaults_network_quincunx_subvault,
          nicolae_vaults_network_quincunx_subvault,
          nicolae_vaults_network_quincunx_subvault,
          nicolae_vaults_network_quincunx_subvault],
          minmay_crypt_entry_simple_corners, st_smaller_cells, v_misc_23,
          v_misc_8, vaults_dpeg_cross, v_pattern_1,
          nicolae_vaults_little_squares_6, hangedman_vaults_nails,
          nicolae_vaults_little_squares_2, hangedman_vaults_cutoff,
          nicolae_vaults_alarming, nicolae_vaults_yaktaur_gun_rack,
          vaults_room_semicircle, layout_vaults_big_room, serial_shops,
          bzr_entry_water, shop, nicolae_shop_stone, shop
Vaults:3: vaults_dpeg_diagonal, grunt_vaults_trifunnel, v_misc_22,
          hangedman_vaults_slice, vaults_standard_mumra_enter_the_diamond,
          ontoclasm_vaults_eye, grunt_vaults_hallway_long,
          layout_vaults_omnicross
Vaults:4: ontoclasm_vaults_gateway, serial_ice_g, v_misc_14, vaults_room_grid,
          v_misc_15, v_misc_11, nicolae_vaults_angled_halls,
          layout_vaults_quadrants, uniq_bai_suzhen
Vaults:5: uniq_xtahua
Crypt:1:  layout_chaotic_city, st_small_mortuary, grunt_crypt_arrival_split
Crypt:2:  lemuel_minitomb, layout_catacombs
Crypt:3:  quadcrypt_mu, uniq_frederick, uniq_boris, uniq_margery, uniq_sojobo
Tomb:1
Tomb:2
Tomb:3:   uniq_mennas
Depths:1: layout_gridlike, minmay_misc_feat_encased, serial_shops, statue_bzr,
          hell_entry, minivault_16, nicolae_transmutations_shop,
          grunt_decor_arrowhead, minmay_shop_grid_forest,
          hangedman_decor_riveting, ebering_dispersal_statue_hall,
          xom_teletrap_fun, kennysheep_random_hallway
Depths:2: gammafunk_its_a_trap, layout_small_grid, pf_hell_entry_tar_spiral,
          serial_shops, nicolae_shop_waterfront, kennysheep_cross_room,
          serial_bayou, serial_bayou_pond_e, serial_bayou_pond_b,
          serial_bayou_pond_d, serial_bayou_crossing, serial_bayou_shore_b,
          hangedman_abyss_or_decor_slice, serial_sigils_hangedman_quiver
Depths:3: minmay_the_grid_triangle_9x9_line_8_mashed
          [minmay_the_grid_triangle_9x9_warning,
          minmay_the_grid_triangle_9x9_longest,
          minmay_the_grid_triangle_9x9_checkered,
          minmay_the_grid_triangle_9x9_minimal,
          minmay_the_grid_triangle_9x9_subtriangle,
          minmay_the_grid_triangle_9x9_limited_checkers,
          minmay_the_grid_triangle_9x9_zippers_vertical,
          minmay_the_grid_triangle_9x9_prize_center], layout_basic,
          hangedman_decor_opposing, grunt_mini_vestibule, serial_shops,
          nicolae_shop_temple_entry_statues_fountains, pan_entry,
          minmay_staircase_windowed_small
Depths:4: minmay_glassy_protrusions, layout_gridville, enter_ziggurat_b,
          serial_rivers, chequers_serial_rivers_large_b,
          chequers_serial_rivers_marsh, chequers_serial_rivers_micro_c,
          chequers_serial_rivers_room_a, chequers_serial_rivers_micro_a,
          hell_entry, abyss_entry, rand_demon_pan_entry_4
Depths:5: lemuel_castle_with_subvaults [lemuel_castle_interior_carwin_3],
          layout_cave_shapes, dk_noncrumbling_3, enter_trove_3, serial_rivers,
          chequers_serial_rivers_room_a, chequers_serial_rivers_small_b,
          chequers_serial_rivers_small_a, chequers_serial_rivers_small_b,
          chequers_serial_rivers_room_a, hell_entry

Skill      XL: |  1  2  3  4  5  6  7  8  9 10 11 12 13 14 15 16 17 18 19 20 21 22 23 24 25 26 |
---------------+-------------------------------------------------------------------------------+-----
Fighting       | 4 5 6 7 9 10 12 13 16 19 21 22 24 25 | 25.8
Axes           | 4 5 6 7 9 10 12 13 15 17 18 | 18.0
Armour         | 3 4 5 6 7 8 10 12 14 15 17 18 | 18.3
Shields        | 2 3 4 6 7 9 11 12 13 14 15 16 18 19 21 23 24 25 | 25.0
Evocations     | 2 5 6 8 9 10 11 13 14 | 14.0
Dodging        | 11 15 17 19 21 22 24 25 | 25.2

Action                   |  1- 3 |  4- 6 |  7- 9 | 10-12 | 13-15 | 16-18 | 19-21 | 22-24 | 25-27 || total
-------------------------+-------+-------+-------+-------+-------+-------+-------+-------+-------++-------
Melee: Hand axe          |    60 |   194 |   322 |    63 |       |       |       |       |       ||   639
       Headbutt          |     9 |    35 |    65 |   124 |   252 |   408 |   384 |   600 |   480 ||  2357
       Unarmed           |       |    10 |     7 |       |       |       |       |       |       ||    17
       Broad axe         |       |       |       |   521 |   994 |   836 |  1210 |  1530 |    14 ||  5105
       Scimitar          |       |       |       |     9 |    33 |       |       |       |       ||    42
       War axe           |       |       |       |       |       |   403 |       |       |  1177 ||  1580
Throw: Throwing net      |       |       |       |     1 |       |       |       |       |       ||     1
Invok: Berserk           |     1 |     5 |     8 |     5 |     9 |     9 |    10 |     7 |     9 ||    63
       Brothers in Arms  |       |       |     2 |     2 |     7 |     8 |     9 |    13 |    15 ||    56
       Trog's Hand       |       |       |     1 |     2 |     3 |    10 |     6 |     6 |    15 ||    43
Evoke: Wand              |       |       |       |     4 |     3 |     2 |       |     2 |     6 ||    17
       Tin of tremorston |       |       |       |       |       |       |     2 |       |       ||     2
       Box of beasts     |       |       |       |       |       |       |     1 |     4 |     7 ||    12
       Lightning rod     |       |       |       |       |       |       |     1 |     3 |       ||     4
       Phial of floods   |       |       |       |       |       |       |       |     2 |     4 ||     6
  Use: Scroll            |       |       |     6 |     4 |    27 |    14 |    10 |     7 |    19 ||    87
       Potion            |       |       |     1 |     4 |     2 |     3 |     1 |     6 |    42 ||    59
 Stab: Sleeping          |       |       |     1 |     3 |       |       |       |       |     1 ||     5
       Paralysed         |       |       |       |     4 |       |       |       |       |       ||     4
       Distracted        |       |       |       |       |       |     2 |     6 |     1 |     4 ||    13
       Confused          |       |       |       |       |       |     1 |       |       |       ||     1
       Invisible         |       |       |       |       |       |       |       |       |     2 ||     2
Armor: Leather armour    |     7 |    44 |    57 |       |       |       |       |       |       ||   108
       Animal skin       |     1 |       |       |       |       |       |       |       |       ||     1
       Skin              |       |     2 |     1 |       |       |       |       |     2 |       ||     5
       Plate armour      |       |       |       |   252 |   310 |   518 |   344 |   254 |   288 ||  1966
Dodge: Dodged            |    38 |    57 |    98 |   107 |   181 |   204 |   256 |   363 |   441 ||  1745
Block: Kite shield       |       |    69 |   144 |   317 |   209 |    26 |       |       |       ||   765
       Buckler           |       |       |       |       |   357 |   181 |       |       |       ||   538
       Reflection        |       |       |       |       |    59 |   149 |   117 |   118 |    10 ||   453
       Tower shield      |       |       |       |       |       |  1064 |  1301 |  1499 |  1266 ||  5130
       Rpst.: Scimitar   |       |       |       |       |     2 |       |       |       |       ||     2

Table legend: (Time is in decaauts)
 A = Elapsed time spent in this place.
 B = Non-inter-level travel time spent in this place.
 C = Inter-level travel time spent in this place.
 D = Time resting spent in this place.
 E = Time spent auto-exploring this place.
 F = Levels seen in this place.
 G = Mean time per level.
                   A        B        C        D        E       F      G
               +--------+--------+--------+--------+--------+-----+--------+
         Total |  64412 |  58185 |   6227 |   7945 |  36558 |  54 | 1192.8 |
       Dungeon |  17979 |  16239 |   1740 |   2105 |  11374 |  15 | 1198.6 |
          Lair |   7992 |   7354 |    638 |   1362 |   4772 |   6 | 1332.0 |
         Swamp |   4305 |   4085 |    220 |    701 |   2498 |   4 | 1076.2 |
     Snake Pit |   5413 |   5018 |    395 |    923 |   2921 |   4 | 1353.2 |
  Orcish Mines |   2548 |   2195 |    353 |    304 |   1348 |   2 | 1274.0 |
   Elven Halls |   4193 |   3334 |    859 |    611 |   1735 |   3 | 1397.7 |
        Vaults |   7714 |   6953 |    761 |    214 |   4709 |   5 | 1542.8 |
         Crypt |   3656 |   3510 |    146 |    231 |   2285 |   3 | 1218.7 |
          Tomb |   3023 |   2610 |    413 |    890 |    839 |   3 | 1007.7 |
        Depths |   6452 |   5752 |    700 |    367 |   3769 |   5 | 1290.4 |
        Bazaar |    199 |    199 |      0 |      0 |     17 |   2 |   99.5 |
         Sewer |    329 |    329 |      0 |      0 |    160 |   1 |  329.0 |
      Gauntlet |    603 |    603 |      0 |    235 |    129 |   1 |  603.0 |
               +--------+--------+--------+--------+--------+-----+--------+

Top non-repeatable levels by time:
   Elf:3: 2220 daAuts
    D:10: 2152 daAuts
Vaults:5: 2046 daAuts
Depths:5: 2013 daAuts
 Snake:4: 1984 daAuts
Vaults:2: 1733 daAuts
  Tomb:1: 1716 daAuts
   Orc:2: 1710 daAuts
Vaults:4: 1695 daAuts
    D:15: 1646 daAuts
 Crypt:2: 1560 daAuts
  Lair:6: 1548 daAuts
  Lair:2: 1538 daAuts
    D:11: 1482 daAuts
 Snake:1: 1476 daAuts
